 Dungeon Crawl Stone Soup version 0.23.2-40-g277498a001 (webtiles) character file.

Game seed: 271791131949693956

3938 Exodus22XD the Cleaver (level 10, -1/77 HPs)
             Began as a Formicid Fighter on Sept 5, 2019.
             Was a Believer of Yredelemnul.
             Slain by a two-headed ogre
             ... wielding a +0 giant spiked club
              (9 damage)
             ... on level 8 of the Dungeon.
             The game lasted 00:25:49 (8350 turns).

Exodus22XD the Cleaver (Formicid Fighter)           Turns: 8350, Time: 00:25:50

Health: -1/77      AC: 17    Str: 27    XL:     10   Next: 44%
Magic:  10/10      EV:  7    Int:  8    God:    Yredelemnul [**....]
Gold:   407        SH: 11    Dex: 10    Spells: 9/9 levels left

rFire    . . .     SeeInvis +   a - +0 war axe
rCold    . . .     Gourm    .   c - +0 shield
rNeg     . . .     Faith    +   n - +0 plate armour
rPois    .         Spirit   .   (helmet unavailable)
rElec    .         Reflect  .   r - +0 cloak (curse)
rCorr    .         Harm     .   i - +0 pair of gloves
MR       +....                  q - +0 pair of boots
Stlth    ..........             y - amulet of faith
HPRegen  0.22/turn              x - +1 ring of slaying
MPRegen  0.12/turn              g - +3 ring of strength

@: no status effects
A: permanent stasis, dig shafts and tunnels, four strong arms, antennae 3
a: Dig, Shaft Self, Animate Remains, Recall Undead Slaves, Injury Mirror,
Renounce Religion


You were on level 8 of the Dungeon.
You worshipped Yredelemnul.
Yredelemnul was pleased with you.
You were hungry.

You visited 1 branch of the dungeon, and saw 8 of its levels.

You collected 407 gold pieces.

Inventory:

Hand Weapons
 a - a +0 war axe (weapon)
Armour
 c - a +0 shield (worn)
 i - a +0 pair of gloves (worn)
 n - a +0 plate armour (worn)
 q - a +0 pair of boots (worn)
 r - a cursed +0 cloak (worn)
 z - a +0 large shield
Jewellery
 g - a +3 ring of strength (right hand)
 x - a +1 ring of slaying (left hand)
 y - an amulet of faith (around neck)
 A - an uncursed ring of resist corrosion
 D - a +4 ring of evasion
Wands
 o - a wand of acid (11)
 C - a wand of disintegration (26)
 F - a wand of polymorph (6)
Scrolls
 l - 3 scrolls of immolation
 p - a scroll of fear {unknown}
 s - 3 scrolls of remove curse
 u - a scroll of random uselessness {unknown}
 B - a scroll of holy word {unknown}
Potions
 d - a potion of might
 e - a potion of curing
 h - a potion of agility {unknown}
 j - a potion of resistance
 k - a potion of cancellation
 m - 3 potions of flight
 t - 2 potions of haste {unknown}
 v - 3 potions of brilliance {unknown}
 w - a potion of ambrosia {unknown}
Comestibles
 f - 15 rations


   Skills:
 + Level 6.8 Fighting
 + Level 10.1 Axes
 + Level 7.9 Armour
 - Level 0.5 Dodging
 - Level 0.2 Stealth
 + Level 8.2 Shields


You had 9 spell levels left.
You didn't know any spells.
Your spell library contained the following spells:

 Spells                   Type           Power        Failure   Level  Hunger
 Beastly Appendage        Tmut           #.....       99%         1    ##.....
 Magic Dart               Conj           #...         99%         1    ##.....
 Sandblast                Erth           #.....       99%         1    ##.....
 Call Imp                 Summ           #.......     100%        2    ###....
 Passwall                 Tmut/Erth      #.......     100%        2    ###....
 Slow                     Hex            #.......     100%        2    ###....
 Sticks to Snakes         Tmut           #.......     100%        2    ###....
 Conjure Flame            Conj/Fire      #.......     100%        3    ####...
 Mephitic Cloud           Conj/Pois/Air  #.......     100%        3    ####...
 Spider Form              Tmut/Pois      #.........   100%        3    ####...
 Stone Arrow              Conj/Erth      #.....       100%        3    ####...
 Ice Form                 Ice/Tmut       #.......     100%        4    #####..
 Petrify                  Tmut/Erth      #.......     100%        4    #####..
 Blade Hands              Tmut           #.........   100%        5    ######.
 Lee's Rapid Deconstruct  Erth           #.........   100%        5    ######.
 Blink                    Tloc           Unusable     N/A         2    N/A

Dungeon Overview and Level Annotations

Branches:
Dungeon (8/15)             Temple (0/1) D:6
   Lair: D:8-11

Altars:
Gozag
Okawaru
Ru
Sif Muna
Yredelemnul

Annotations:
D:3 3 runed translucent doors, Devam's ghost, amateur DsGl
D:7 2 transporters, BreadTh's ghost, novice DgEE


Innate Abilities, Weirdness & Mutations

You cannot be hasted, slowed, berserked, paralysed or teleported.
You can dig through walls and to a lower floor.
Your four strong arms can wield two-handed weapons with a shield.
You have a pair of large antennae on your head. (SInv)


Message History

You hit the two-headed ogre but do no damage.
The two-headed ogre is moderately wounded.
The two-headed ogre hits you with a +0 giant spiked club.
The two-headed ogre closely misses you.
You hit the two-headed ogre.
The two-headed ogre is heavily wounded.
The two-headed ogre closely misses you.
The two-headed ogre hits you with a +0 giant club.
You hit the two-headed ogre.
The two-headed ogre is heavily wounded.
The two-headed ogre hits you with a +0 giant spiked club!
The two-headed ogre completely misses you.
Your shield and plate armour prevent you from hitting the two-headed ogre.
The two-headed ogre is heavily wounded.
You see here 14 poisoned needles.
The two-headed ogre hits you with a +0 giant spiked club!!
* * * LOW HITPOINT WARNING * * *
The two-headed ogre hits you with a +0 giant club!
You die...
Your body rises from the dead as a mindless zombie.

#.........#....#....
#.........#....#....
#.........#....#....
#########........#.%..#....
##......##........#....#....
#.................#....#....
#.......##.......##....##...
#.......##.......##....##...
#..........@O...........#...
#######......##......(.......#...
#............##..............#...
.....#.......##....############).
.....+.......###+###
##....###รทรท .....#.........
{........(.. .....#..........
.......<... .....#..........
........... ..)..#..............#
.......(...


You could see a two-headed ogre.

Vanquished Creatures
  Harold (D:7)
  Maurice (D:8)
  Grinder (D:5)
  A hippogriff (D:8)
  A hungry ghost (D:5)
  Edmund (D:5)
  An orc warrior (D:7)
  A phantom (D:7)
  An ogre (D:7)
  2 centaurs (D:8)
  5 bullfrogs
  A scorpion (D:7)
  6 killer bees
  2 howler monkeys
  2 crimson imps
  A bullfrog zombie (D:7)
  A jelly (D:5)
  A hound (D:7)
  2 bullfrog skeletons
  A centaur skeleton (D:7)
  4 orc priests
  An iguana (D:6)
  Terence (D:3)
  6 orc wizards
  Natasha (D:2)
  7 worker ants
  A hound skeleton (D:6)
  A howler monkey zombie (D:8)
  4 gnolls (D:5)
  A howler monkey skeleton (D:8)
  10 adders
  A shadow imp (D:5)
  An ooze (D:2)
  An adder skeleton (D:8)
  6 worms
  4 dart slugs
  4 leopard geckos
  29 orcs
  4 ball pythons
  8 bats
  5 giant cockroaches
  16 goblins
  12 hobgoblins
  24 jackals
  2 quokkas
  9 frilled lizards
  A jackal skeleton (D:6)
  A jackal zombie (D:6)
  10 kobolds
  A leopard gecko zombie (D:5)
  5 rats
  A spectral orc (D:5)
215 creatures vanquished.

Notes
Turn   | Place    | Note
-------+----------+-------------------------------------------
     0 | D:1      | Exodus22XD the Formicid Fighter began the quest for the
                  | Orb.
     0 | D:1      | Reached XP level 1. HP: 18/18 MP: 1/1
   103 | D:1      | Reached XP level 2. HP: 24/24 MP: 2/2
   219 | D:1      | Reached XP level 3. HP: 22/29 MP: 3/3
   899 | D:2      | Reached XP level 4. HP: 31/35 MP: 4/4
  1030 | D:2      | Found an opulent altar of Gozag.
  1172 | D:2      | Reached skill level 3 in Axes
  1291 | D:2      | Noticed Natasha
  1301 | D:2      | Killed Natasha
  1301 | D:2      | Reached XP level 5. HP: 33/42 MP: 5/5
  1789 | D:3      | Found an iron altar of Okawaru.
  1826 | D:3      | Found a sacrificial altar of Ru.
  1875 | D:3      | Reached XP level 6. HP: 14/48 MP: 6/6
  2202 | D:3      | Found a deep blue altar of Sif Muna.
  2238 | D:3      | Reached skill level 4 in Axes
  2247 | D:3      | Noticed Terence
  2265 | D:3      | Killed Terence
  2377 | D:3      | Found a runed translucent gate.
  2379 | D:3      | Found a runed translucent gate.
  2379 | D:3      | Found an opulent altar of Gozag.
  2380 | D:3      | Found a runed translucent gate.
  2380 | D:3      | Noticed Devam's ghost (amateur DsGl)
  2680 | D:4      | Reached skill level 5 in Shields
  2973 | D:4      | Noticed a two-headed ogre
  3292 | D:4      | Reached XP level 7. HP: 43/54 MP: 7/7
  3299 | D:4      | Found a deep blue altar of Sif Muna.
  3425 | D:4      | Reached skill level 5 in Axes
  4168 | D:5      | Entered Level 5 of the Dungeon
  4168 | D:5      | Noticed Edmund
  4230 | D:5      | Killed Edmund
  4262 | D:5      | Noticed a hungry ghost
  4292 | D:5      | Killed a hungry ghost
  4292 | D:5      | Reached skill level 6 in Axes
  4292 | D:5      | Reached skill level 5 in Armour
  4292 | D:5      | Reached XP level 8. HP: 29/61 MP: 8/8
  4621 | D:5      | Found a basalt altar of Yredelemnul.
  4661 | D:5      | Became a worshipper of Yredelemnul the Dark
  4725 | D:5      | Noticed Grinder
  4756 | D:5      | Killed Grinder
  4756 | D:5      | Reached skill level 5 in Fighting
  5211 | D:6      | Reached skill level 7 in Axes
  5539 | D:6      | Reached * piety under Yredelemnul
  5630 | D:6      | Reached XP level 9. HP: 58/68 MP: 9/9
  5893 | D:6      | Found a staircase to the Ecumenical Temple.
  6117 | D:7      | Reached skill level 8 in Axes
  6298 | D:7      | Noticed a hornet
  6515 | D:7      | Reached ** piety under Yredelemnul
  6559 | D:7      | Found a transporter.
  6562 | D:7      | Found a transporter.
  6568 | D:7      | Noticed BreadTh's ghost (novice DgEE)
  6764 | D:7      | Noticed Harold
  6768 | D:7      | Reached skill level 9 in Axes
  7702 | D:7      | Killed Harold
  7702 | D:7      | Reached XP level 10. HP: 41/77 MP: 10/10
  8259 | D:8      | Noticed Maurice
  8270 | D:8      | Killed Maurice
  8270 | D:8      | Reached skill level 10 in Axes
  8325 | D:8      | Noticed a two-headed ogre
  8350 | D:8      | Slain by a two-headed ogre

Skill      XL: |  1  2  3  4  5  6  7  8  9 10 |
---------------+-------------------------------+-----
Shields        | 4 5 6 7 8 |  8.2
Armour         | 4 5 6 7 |  7.9
Axes           | 3 4 6 7 9 10 | 10.1
Fighting       | 4 5 6 |  6.8
Dodging        | |  0.5
Stealth        | |  0.2

Action                   |  1- 3 |  4- 6 |  7- 9 | 10-12 || total
-------------------------+-------+-------+-------+-------++-------
Melee: War axe           |   101 |   313 |   402 |    77 ||   893
  Use: Scroll            |       |       |     9 |       ||     9
       Potion            |       |       |     7 |       ||     7
  Eat: Chunk             |       |     7 |    14 |     1 ||    22
       Ration            |       |       |     2 |       ||     2
Armor: Scale mail        |    56 |   134 |   120 |       ||   310
       Plate armour      |       |       |     1 |    59 ||    60
Dodge: Dodged            |    36 |    93 |   125 |    32 ||   286
Block: Shield            |    68 |   174 |   227 |    60 ||   529
